 Dungeon Crawl Stone Soup version 0.25.1-2-g60ff931df9 (webtiles) character file.

Game seed: 10861929730734410316

112 raphaelitos the Covered (level 5, -10/42 HPs)
             Began as a Formicid Fighter on Nov 30, 2020.
             Killed by divine providence
             ... invoked by an orc priest
              (12 damage)
             ... on level 3 of the Dungeon.
             The game lasted 00:03:36 (2479 turns).

raphaelitos the Covered (Formicid Fighter)          Turns: 2479, Time: 00:03:37

Health: -10/42     AC:  8    Str: 21    XL:     5   Next: 16%
Magic:  5/5        EV:  8    Int:  8    God:
Gold:   183        SH:  9    Dex: 10    Spells: 4/4 levels left

rFire    . . .     SeeInvis +   a - +0 quarterstaff
rCold    . . .     Gourm    .   c - +0 kite shield
rNeg     . . .     Faith    .   b - +1 scale mail
rPois    .         Spirit   .   (helmet unavailable)
rElec    .         Reflect  .   n - scarf {repulsion}
rCorr    .         Harm     .   (no gloves)
MR       .....                  (no boots)
Stlth    ..........             (no amulet)
HPRegen  0.14/turn              (no ring)
MPRegen  0.09/turn              (no ring)

@: repel missiles
A: permanent stasis, dig shafts and tunnels, four strong arms, antennae 3
a: Dig, Shaft Self


You were on level 3 of the Dungeon.
You were not hungry.

You visited 1 branch of the dungeon, and saw 3 of its levels.

You collected 183 gold pieces.

Inventory:

Hand Weapons
 a - a +0 quarterstaff (weapon)
Missiles
 e - 5 boomerangs
 g - 7 curare-tipped darts
 h - 89 arrows
 k - 43 poisoned darts (quivered)
Armour
 b - a +1 scale mail (worn)
 c - a +0 kite shield (worn)
 n - a scarf of repulsion (worn)
Scrolls
 p - a scroll of amnesia
Potions
 d - 3 potions of might
 i - a potion of resistance {unknown}
 l - a potion of flight {unknown}
 m - 3 potions of brilliance
 o - a potion of stabbing {unknown}
 q - a potion of curing {unknown}
 r - a potion of cancellation {unknown}
Comestibles
 f - 5 rations
 j - 2 chunks of flesh


   Skills:
 + Level 3.9 Fighting
 + Level 3.2 Staves
 + Level 4.3 Armour
 + Level 0.2 Dodging
 + Level 0.2 Stealth
 + Level 4.1 Shields


You had 4 spell levels left.
You didn't know any spells.
Your spell library contained the following spells:

 Spells                   Type           Power        Failure   Level  Hunger
 Magic Dart               Conj           #...         97%         1    ##.....
 Call Imp                 Summ           #.......     99%         2    ###....
 Slow                     Hex            #.......     99%         2    ###....
 Conjure Flame            Conj/Fire      #.......     100%        3    ####...
 Mephitic Cloud           Conj/Pois/Air  #.......     100%        3    ####...
 Blink                    Tloc           Unusable     N/A         2    N/A

Dungeon Overview and Level Annotations

Branches:
Dungeon (3/15)

Altars:
Gozag
Yredelemnul


Innate Abilities, Weirdness & Mutations

You cannot be hasted, slowed, berserked, paralysed or teleported.
You can dig through walls and to a lower floor.
Your four strong arms can wield two-handed weapons with a shield.
You have a pair of large antennae on your head. (SInv)


Message History

an orc corpse You closely miss the orc.
You block the orc's attack.
You closely miss the orc. You block the orc's attack.
You hit the orc.
The orc is heavily wounded.
You block the orc's attack.
You hit the orc.
You kill the orc!
You closely miss the kobold. The kobold hits you with a +0 dagger.
You completely miss the kobold. You block the kobold's attack.
You closely miss the kobold. The kobold hits you with a +0 dagger.
The orc priest mumbles some strange prayers to Beogh against you.
Beogh smites you!
* * * LOW HITPOINT WARNING * * *
The kobold hits you with a +0 dagger.
* * * LOW HITPOINT WARNING * * *
You barely miss the kobold. You block the kobold's attack.
The orc priest calls down the wrath of Beogh upon you.
Beogh smites you!
You die...

.........##.....
#.....##...#
##.....##...
#8....8#.##
#####...##.# #
#.(o.(.....# #.
##(##########
#..######(.#
#...@Ko..##
##########


You could see an orc priest and a kobold.

Vanquished Creatures
  4 adders
  An ooze (D:1)
  3 dart slugs
  5 orcs (D:3)
  2 giant cockroaches
  9 goblins
  6 hobgoblins
  2 jackals (D:1)
  7 kobolds
  2 quokkas (D:2)
  4 ball pythons
  2 bats
  10 frilled lizards
  5 rats
62 creatures vanquished.

Notes
Turn   | Place    | Note
-------+----------+-------------------------------------------
     0 | D:1      | raphaelitos the Formicid Fighter began the quest for the
                  | Orb.
     0 | D:1      | Reached XP level 1. HP: 18/18 MP: 1/1
   216 | D:1      | Reached XP level 2. HP: 20/24 MP: 2/2
   519 | D:1      | Reached XP level 3. HP: 26/29 MP: 3/3
  1169 | D:2      | Reached XP level 4. HP: 37/37 MP: 4/4
  2149 | D:3      | Found an opulent altar of Gozag.
  2214 | D:3      | Found a basalt altar of Yredelemnul.
  2230 | D:3      | Reached XP level 5. HP: 42/42 MP: 5/5
  2478 | D:3      | HP: 2/42 [kobold/+0 dagger (1)]
  2479 | D:3      | Killed from afar by an orc priest

Illustrated notes

Levels and vault maps discovered:
D:1:      dpeg_arrival_circle_labyrinth_c, layout_basic
D:2:      cheibrodos_old_hovel, layout_loops_cross, hangedman_decor_points
D:3:      layout_basic, lemuel_doored_altar,
          nicolae_gozag_cash_rules_everything_around_me, serial_corexii_hall,
          chequers_hall_statues_corner_a, chequers_hall_statues_y,
          corexii_hall_statues_x, minivault_5, serial_park_tiny_2

Skill      XL: |  1  2  3  4 |
---------------+-------------+-----
Shields        | 4 |  4.1
Armour         | 4 |  4.3
Staves         | 3 |  3.2
Fighting       | |  3.9
Dodging        | |  0.2
Stealth        | |  0.2

Action                   |  1- 3 |  4- 6 || total
-------------------------+-------+-------++-------
Melee: Quarterstaff      |    96 |   106 ||   202
  Use: Scroll            |     3 |     4 ||     7
  Eat: Chunk             |     1 |     4 ||     5
Armor: Scale mail        |    39 |    27 ||    66
Dodge: Dodged            |    26 |    30 ||    56
       Repelled          |       |     1 ||     1
Block: Kite shield       |    38 |    54 ||    92
